SAAA
TREMONT DOUBLEDAYS @ ELLENBURG FIGHTING DACHSUNDS
07/16/2022
 
TOP OF THE 1ST
Tremont Doubledays batting - Pitching for Ellenburg Fighting Dachsunds : RHP Ricardo Gómez
Pitching: RHP Ricardo Gómez
Batting: RHB Jim Unknown 0-0: Foul Ball, location: 2F
0-1: Ball
1-1: Ball
2-1: Ball
3-1: Fly out, F8 (Flyball, 8LM)
Batting: LHB Scott Britt 0-0: Called Strike
0-1: Called Strike
0-2: Ball
1-2: Strikes out swinging
Batting: RHB Manuel Martínez 0-0: Ground out 2-3 (Groundball, 23)
Top of the 1st over - 0 run(s), 0 hit(s), 0 error(s), 0 left on base; Tremont 0 - Ellenburg 0
BOTTOM OF THE 1ST
Ellenburg Fighting Dachsunds batting - Pitching for Tremont Doubledays : RHP Jim Unknown
Pitching: RHP Jim Unknown
Batting: RHB Jesús López 0-0: Called Strike
0-1: Fly out, F5 (Line Drive, 5)
Batting: LHB Rick Harrison 0-0: Ball
1-0: Called Strike
1-1: Called Strike
1-2: Ball
2-2: Foul Ball, location: 2F
2-2: Strikes out looking
Batting: RHB Pablo Trujillo 0-0: SINGLE (Groundball, 5D)
Batting: SHB Virgil Eberle 0-0: Foul Ball, location: 2F
0-1: Swinging Strike
0-2: Ball
1-2: Ball
2-2: Foul Ball, location: 2F
2-2: Fly out, F8 (Flyball, 8RXD)
Bottom of the 1st over - 0 run(s), 1 hit(s), 0 error(s), 1 left on base; Tremont 0 - Ellenburg 0
TOP OF THE 2ND
Tremont Doubledays batting - Pitching for Ellenburg Fighting Dachsunds : RHP Ricardo Gómez
Batting: RHB Cory Hansen 0-0: Called Strike
0-1: Called Strike
0-2: Ground out 6-3 (Groundball, 6)
Batting: RHB Quincy van Enk 0-0: Called Strike
0-1: Ball
1-1: Ball
2-1: Ball
3-1: Base on Balls
Batting: RHB Jim Unknown 0-0: Fly out, F8 (Flyball, 8RD)
Batting: RHB Jim Unknown 0-0: Ground out 6-3 (Groundball, 56)
Top of the 2nd over - 0 run(s), 0 hit(s), 0 error(s), 1 left on base; Tremont 0 - Ellenburg 0
BOTTOM OF THE 2ND
Ellenburg Fighting Dachsunds batting - Pitching for Tremont Doubledays : RHP Jim Unknown
Batting: RHB Sherman Davis 0-0: Ball
1-0: Foul Ball, location: 2F
1-1: Called Strike
1-2: Strikes out swinging
Batting: RHB Travis Lee 0-0: Ball
1-0: Ball
2-0: Called Strike
2-1: Ball
3-1: Base on Balls
Batting: RHB Bernardo Márquez 0-0: Ball
1-0: Called Strike
1-1: Ground out 3-1 (Groundball, 3)
Travis Lee to second
Batting: RHB Gerald Ambler 0-0: Foul Ball, location: 2F
0-1: Ball
1-1: Foul Ball, location: 2F
1-2: 2-RUN HOME RUN (Flyball, 78D), Distance : 410 ft
Batting: LHB Ramón Hernández 0-0: Ball
1-0: Called Strike
1-1: Foul Ball, location: 2F
1-2: Ball
2-2: SINGLE (Groundball, 34S) (infield hit)
Batting: RHB Jesús López 0-0: Called Strike
0-1: Foul Ball, location: 2F
0-2: Foul Ball, location: 2F
0-2: Ball
1-2: Ball
2-2: Foul Ball, location: 2F
2-2: Strikes out looking
Bottom of the 2nd over - 2 run(s), 2 hit(s), 0 error(s), 1 left on base; Tremont 0 - Ellenburg 2
TOP OF THE 3RD
Tremont Doubledays batting - Pitching for Ellenburg Fighting Dachsunds : RHP Ricardo Gómez
Batting: LHB Jim Unknown 0-0: Ball
1-0: Ball
2-0: Called Strike
2-1: Ball
3-1: Base on Balls
Batting: RHB Jim Unknown 0-0: Called Strike
0-1: Swinging Strike
0-2: Fly out, F9 (Flyball, 9M)
Batting: RHB Jim Unknown 0-0: Fielders Choice at 2nd, 6-4 (Groundball, 6M)
Batting: LHB Scott Britt 0-0: Ball
1-0: Ball
2-0: Ball
3-0: Called Strike
3-1: Fly out, F9 (Line Drive, 9D)
Top of the 3rd over - 0 run(s), 0 hit(s), 0 error(s), 1 left on base; Tremont 0 - Ellenburg 2
BOTTOM OF THE 3RD
Ellenburg Fighting Dachsunds batting - Pitching for Tremont Doubledays : RHP Jim Unknown
Batting: LHB Rick Harrison 0-0: Called Strike
0-1: Foul Ball, location: 2F
0-2: Strikes out swinging
Batting: RHB Pablo Trujillo 0-0: Foul Ball, location: 2F
0-1: Fly out, F8 (Flyball, 89XD)
Batting: SHB Virgil Eberle 0-0: Ball
1-0: Called Strike
1-1: Ball
2-1: Foul Ball, location: 2F
2-2: Ball
3-2: Fly out, F8 (Flyball, 8LD)
Bottom of the 3rd over - 0 run(s), 0 hit(s), 0 error(s), 0 left on base; Tremont 0 - Ellenburg 2
TOP OF THE 4TH
Tremont Doubledays batting - Pitching for Ellenburg Fighting Dachsunds : RHP Ricardo Gómez
Batting: RHB Manuel Martínez 0-0: Ground out 6-3 (Groundball, 6MD)
Batting: RHB Cory Hansen 0-0: Called Strike
0-1: Ball
1-1: Ball
2-1: Foul Ball, location: 2F
2-2: Strikes out swinging
Batting: RHB Quincy van Enk 0-0: Called Strike
0-1: Foul Ball, location: 2F
0-2: Strikes out looking
Top of the 4th over - 0 run(s), 0 hit(s), 0 error(s), 0 left on base; Tremont 0 - Ellenburg 2
BOTTOM OF THE 4TH
Ellenburg Fighting Dachsunds batting - Pitching for Tremont Doubledays : RHP Jim Unknown
Batting: RHB Sherman Davis 0-0: Fly out, F8 (Flyball, 8LS)
Batting: RHB Travis Lee 0-0: Ball
1-0: Foul Ball, location: 2F
1-1: Ground out 3-1 (Groundball, 34)
Batting: RHB Bernardo Márquez 0-0: Called Strike
0-1: Ball
1-1: Foul Ball, location: 2F
1-2: Foul Ball, location: 2F
1-2: Ball
2-2: Strikes out swinging
Bottom of the 4th over - 0 run(s), 0 hit(s), 0 error(s), 0 left on base; Tremont 0 - Ellenburg 2
TOP OF THE 5TH
Tremont Doubledays batting - Pitching for Ellenburg Fighting Dachsunds : RHP Ricardo Gómez
Batting: RHB Jim Unknown 0-0: Called Strike
0-1: Called Strike
0-2: Strikes out swinging
Batting: RHB Jim Unknown 0-0: Ball
1-0: Ball
2-0: Ground out 6-3 (Groundball, 6)
Batting: LHB Jim Unknown 0-0: Foul Ball, location: 2F
0-1: Ball
1-1: Fly out, F7 (Flyball, 78S)
Top of the 5th over - 0 run(s), 0 hit(s), 0 error(s), 0 left on base; Tremont 0 - Ellenburg 2
BOTTOM OF THE 5TH
Ellenburg Fighting Dachsunds batting - Pitching for Tremont Doubledays : RHP Jim Unknown
Batting: RHB Gerald Ambler 0-0: Ball
1-0: Ball
2-0: Fly out, F8 (Flyball, 8LXD)
Batting: LHB Ramón Hernández 0-0: Swinging Strike
0-1: Called Strike
0-2: Foul Ball, location: 2F
0-2: Strikes out swinging
Batting: RHB Jesús López 0-0: Ball
1-0: Ground out 6-3 (Groundball, 6)
Bottom of the 5th over - 0 run(s), 0 hit(s), 0 error(s), 0 left on base; Tremont 0 - Ellenburg 2
TOP OF THE 6TH
Tremont Doubledays batting - Pitching for Ellenburg Fighting Dachsunds : RHP Ricardo Gómez
Batting: RHB Jim Unknown 0-0: Called Strike
0-1: Foul Ball, location: 2F
0-2: Ball
1-2: Ball
2-2: Foul Ball, location: 2F
2-2: Strikes out swinging
Batting: RHB Jim Unknown 0-0: Called Strike
0-1: Ball
1-1: Foul Ball, location: 2F
1-2: Ground out 5-3 (Groundball, 5S)
Batting: LHB Scott Britt 0-0: Ball
1-0: Ball
2-0: Ball
3-0: Called Strike
3-1: Called Strike
3-2: Base on Balls
Batting: RHB Manuel Martínez 0-0: Ball
1-0: Ball
2-0: Ground out 5-3 (Groundball, 5L)
Top of the 6th over - 0 run(s), 0 hit(s), 0 error(s), 1 left on base; Tremont 0 - Ellenburg 2
BOTTOM OF THE 6TH
Ellenburg Fighting Dachsunds batting - Pitching for Tremont Doubledays : RHP Jim Unknown
Batting: LHB Rick Harrison 0-0: Foul Ball, location: 2F
0-1: Swinging Strike
0-2: Ball
1-2: Ball
2-2: Foul Ball, location: 2F
2-2: Ball
3-2: Base on Balls
Batting: RHB Pablo Trujillo 0-0: Ball
1-0: SINGLE (Line Drive, 78S)
Rick Harrison to second
Batting: SHB Virgil Eberle 0-0: Ball
1-0: Ball
2-0: Fly out, F8 (Flyball, 78M)
Batting: RHB Sherman Davis 0-0: Ball
1-0: Ground out 3-1 (Groundball, 34S)
Rick Harrison to third
Pablo Trujillo to second
Batting: RHB Travis Lee 0-0: Called Strike
0-1: Swinging Strike
0-2: Ball
1-2: Ball
2-2: Foul Ball, location: 2F
2-2: Foul Ball, location: 2F
2-2: Ground out 1-3 (Groundball, 13)
Bottom of the 6th over - 0 run(s), 1 hit(s), 0 error(s), 2 left on base; Tremont 0 - Ellenburg 2
TOP OF THE 7TH
Tremont Doubledays batting - Pitching for Ellenburg Fighting Dachsunds : RHP Ricardo Gómez
Batting: RHB Cory Hansen 0-0: Called Strike
0-1: Foul Ball, location: 2F
0-2: Ball
1-2: Ball
2-2: Ground out 6-3 (Groundball, 6)
Batting: RHB Quincy van Enk 0-0: Swinging Strike
0-1: Fly out, F9 (Flyball, 89D)
Batting: RHB Jim Unknown 0-0: Ball
1-0: Ball
2-0: Foul Ball, location: 2F
2-1: Ground out 6-3 (Groundball, 6)
Top of the 7th over - 0 run(s), 0 hit(s), 0 error(s), 0 left on base; Tremont 0 - Ellenburg 2
BOTTOM OF THE 7TH
Ellenburg Fighting Dachsunds batting - Pitching for Tremont Doubledays : RHP Jim Unknown
Batting: RHB Bernardo Márquez 0-0: Foul Ball, location: 2F
0-1: SINGLE (Flyball, 7LS)
Batting: RHB Gerald Ambler 0-0: Called Strike
0-1: Bunt missed!
0-2: Strikes out swinging
Batting: LHB Ramón Hernández 0-0: Ball
1-0: Called Strike
1-1: Ball
2-1: Foul Ball, location: 2F
2-2: Fly out, F7 (Popup, 78S)
Batting: RHB Jesús López 0-0: Foul Ball, location: 2F
0-1: SINGLE (Flyball, 78S)
Bernardo Márquez to second
Batting: LHB Rick Harrison 0-0: Fly out, F8 (Flyball, 8LM)
Bottom of the 7th over - 0 run(s), 2 hit(s), 0 error(s), 2 left on base; Tremont 0 - Ellenburg 2
TOP OF THE 8TH
Tremont Doubledays batting - Pitching for Ellenburg Fighting Dachsunds : RHP Ricardo Gómez
Batting: RHB Jim Unknown 0-0: Called Strike
0-1: Ball
1-1: Ball
2-1: Ball
3-1: SINGLE (Groundball, 56)
Batting: LHB Jim Unknown 0-0: Ball
1-0: Foul Ball, location: 2F
1-1: Ball
2-1: SINGLE (Groundball, 6MD)
Jim Unknown to second
Batting: RHB Jim Unknown 0-0: SINGLE (Line Drive, 7LS)
Jim Unknown to third
Jim Unknown to second
Batting: RHB Jim Unknown 0-0: Ball
1-0: Reached on error, E5 (Groundball, 56S)
Jim Unknown scores
Jim Unknown to third
Jim Unknown to second
Batting: LHB Scott Britt 0-0: Foul Ball, location: 2F
0-1: Fly out, F8 (Flyball, 8LD)
Runner from 3rd tags up, SCORES, no throw
Batting: RHB Manuel Martínez 0-0: Fielders Choice at 2nd, 6-4 (Groundball, 6)
Jim Unknown to third
Batting: RHB Cory Hansen 0-0: Foul Ball, location: 2F
0-1: Swinging Strike
0-2: 3-RUN HOME RUN (Flyball, 7LD), Distance : 349 ft
Batting: RHB Quincy van Enk 0-0: Foul Ball, location: 2F
0-1: Ball
1-1: Foul Ball, location: 2F
1-2: Ball
2-2: SINGLE (Line Drive, 8RS)
Batting: RHB Jim Unknown 0-0: Ball
1-0: Ground out U3 (Groundball, 3S)
Top of the 8th over - 5 run(s), 5 hit(s), 1 error(s), 1 left on base; Tremont 5 - Ellenburg 2
BOTTOM OF THE 8TH
Ellenburg Fighting Dachsunds batting - Pitching for Tremont Doubledays : RHP Jim Unknown
Batting: RHB Pablo Trujillo 0-0: Fly out, F8 (Flyball, 89XD)
Batting: SHB Virgil Eberle 0-0: Swinging Strike
0-1: Ball
1-1: Ball
2-1: SINGLE (Line Drive, 34)
Pitching: RHP Jim Unknown
Batting: RHB Sherman Davis 0-0: Ball
1-0: Fielders Choice at 2nd, 6-4 (Groundball, 6M)
Batting: RHB Travis Lee 0-0: Ball
1-0: Called Strike
1-1: Ball
2-1: Swinging Strike
2-2: Strikes out looking
Bottom of the 8th over - 0 run(s), 1 hit(s), 0 error(s), 1 left on base; Tremont 5 - Ellenburg 2
TOP OF THE 9TH
Tremont Doubledays batting - Pitching for Ellenburg Fighting Dachsunds : RHP Ricardo Gómez
Pitching: RHP Jim Unknown
Batting: RHB Jim Unknown 0-0: Fly out, F9 (Flyball, 9LM)
Pitching: RHP Gabriel Rodríguez
Batting: LHB Jim Unknown 0-0: Called Strike
0-1: Swinging Strike
0-2: Ball
1-2: SINGLE (Line Drive, 9S)
Batting: RHB Jim Unknown 0-0: Ball
1-0: Ball
2-0: Foul Ball, location: 2F
2-1: Ball
3-1: Foul Ball, location: 2F
3-2: Grounds into double play, 4-6-3 (Groundball, 4)
Top of the 9th over - 0 run(s), 1 hit(s), 0 error(s), 0 left on base; Tremont 5 - Ellenburg 2
BOTTOM OF THE 9TH
Ellenburg Fighting Dachsunds batting - Pitching for Tremont Doubledays : RHP Jim Unknown
Batting: RHB Bernardo Márquez 0-0: Ball
1-0: Called Strike
1-1: Called Strike
1-2: Strikes out looking
Batting: RHB Gerald Ambler 0-0: Called Strike
0-1: Ball
1-1: SINGLE (Flyball, 8RS)
Batting: LHB Ramón Hernández 0-0: Ball
1-0: Foul Ball, location: 2F
1-1: Called Strike
1-2: Ball
2-2: Ball
3-2: Foul Ball, location: 2F
3-2: Grounds into double play, 4-6-3 (Groundball, 34)
Bottom of the 9th over - 0 run(s), 1 hit(s), 0 error(s), 0 left on base; Tremont 5 - Ellenburg 2
This league is powered by Out of the Park Baseball, the baseball management simulation game for PC, Mac and Linux
Friday, April 15th, 2016 - OOTP Baseball 16.9 Build 39